 Dungeon Crawl Stone Soup version 0.30-a0-728-gc68057be0a (webtiles) character file.

Game seed: 7887156308896190012

14478 Newt the Prestidigitator (level 11, -3/86 HPs)
             Began as a Demonspawn Gladiator on Jan 30, 2023.
             Was an Initiate of Gozag.
             Engulfed by an ice statue's freezing vapour (8 damage)
             ... in an ice cave.
             The game lasted 00:15:31 (11785 turns).

Newt the Prestidigitator (Demonspawn Gladiator)    Turns: 11785, Time: 00:15:31

Health: -3/86      AC: 17    Str: 19    XL:     11   Next: 89%
Magic:  0/14       EV:  9    Int:  9    God:    Gozag
Gold:   1131       SH:  0    Dex: 15    Spells: 10/10 levels left

rFire   + . .      SeeInvis .    O - +8 great sword (spect)
rCold   + + .      Faith    .    (shield currently unavailable)
rNeg    . . .      Spirit   +    I - +2 plate armour {rC+}
rPois   .          Reflect  .    (helmet restricted)
rElec   .          Harm     .    (no cloak)
rCorr   .          Rampage  .    (no gloves)
Will    .....                    w - +1 pair of boots Stlth
                                 o - amulet of guardian spirit
HPRegen 0.34/turn                x - ring of protection from fire
MPRegen 0.14/turn                P - ring of protection from cold

@: confused, ambrosia-drunk, gold aura
A: horns 1, repulsion field 1, demonic guardian 1, spiny 3
a: Renounce Religion, Potion Petition, Call Merchant, Bribe Branch


You were in an ice cave.
You worshipped Gozag.
Gozag was most pleased with you.
You visited 3 branches of the dungeon, and saw 12 of its levels.
You also visited: Ossuary and Ice Cave.

You collected 1391 gold pieces.
You spent 70 gold pieces at shops.
You paid 190 gold pieces to Gozag.

Inventory:

Hand Weapons
 a - a +0 rapier
 f - a +2 hand axe of venom
 q - a +3 dagger of chaos
 v - a +0 triple sword
 y - the +6 flail of the Flying Gods {antimagic, rC+ Dex+2}
   (You found it on level 5 of the Dungeon)

   Dex:       It affects your dexterity (+2).
   rC:        It protects you from cold.
 J - a +3 great sword
 O - a +8 spectral great sword (weapon)
Missiles
 d - 4 throwing nets (quivered)
 e - a javelin
 k - 20 poisoned darts
Armour
 b - a +0 leather armour
 c - a +0 helmet
 s - a +4 ring mail of cold resistance
 u - the +0 chain mail of the Northern Lights {rF++}
   (You found it on level 7 of the Dungeon)

   rF:        It greatly protects you from fire.
 w - a +1 pair of boots (worn)
 I - a +2 plate armour of cold resistance (worn)
Jewellery
 o - an amulet of guardian spirit (around neck)
 x - a ring of protection from fire (left hand)
 P - a ring of protection from cold (right hand)
Wands
 g - a wand of mindburst (7)
 j - a wand of paralysis (9)
 t - a wand of roots (11)
 H - a wand of polymorph (10)
 K - a wand of flame (12)
 L - a wand of light (11)
Scrolls
 l - 4 scrolls of fog
 F - 4 scrolls of teleportation
 G - 3 scrolls of identify
 M - a scroll of amnesia
Potions
 h - 4 potions of lignification
 i - 2 potions of cancellation
 m - 5 potions of curing
 n - 3 potions of might
 p - 4 potions of attraction
 r - a potion of resistance
 z - 3 potions of magic
 A - 2 potions of haste
 B - a potion of berserk rage
 C - a potion of brilliance
 E - 2 potions of flight
Miscellaneous
 N - a condenser vane


   Skills:
 - Level 8.0 Fighting
 - Level 2.6(4.4) Short Blades
 + Level 5.4(5.7) Long Blades
 - Level 0.7(5.5) Axes
 - Level 8.9(9.0) Maces & Flails
 - Level 1.7 Throwing
 - Level 8.0 Armour
 - Level 4.0 Dodging
 - Level 2.0 Stealth
 - Level 5.0 Invocations
 - Level 9.0 Evocations


You had 10 spell levels left.
You didn't know any spells.
Your spell library contained the following spells:

 Spells                   Type           Power      Damage    Failure   Level
 Beastly Appendage        Tmut           0%         N/A       100%        1
 Cigotuvi's Dreadful Rot  Necr/Pois/Air  0%         N/A       100%        2
 Poisonous Vapours        Pois/Air       0%         N/A       100%        2
 Wereblood                Tmut           0%         N/A       100%        2
 Gell's Gravitas          Tloc           0%         N/A       100%        3
 Ignite Poison            Fire/Tmut/Pois 0%         N/A       100%        3
 Mephitic Cloud           Conj/Pois/Air  0%         N/A       100%        3
 Spider Form              Tmut/Pois      0%         N/A       100%        3
 Stone Arrow              Conj/Erth      0%         3d7       100%        3
 Teleport Other           Tloc           0%         N/A       100%        3
 Animate Armour           Summ/Erth      0%         N/A       100%        4
 Sticky Flame             Conj/Fire      0%         2d3       100%        4
 Dispersal                Tloc           0%         N/A       100%        6
 Ignition                 Fire           0%         3d3       100%        8
 Lehudib's Crystal Spear  Conj/Erth      0%         10d2      100%        8


Dungeon Overview and Level Annotations

Branches:
Dungeon (10/15)            Temple (1/1) D:7            Lair (1/5) D:8
Ossuary (visited)           IceCv (1/1)
    Orc: D:9-12

Altars:
Ashenzari
Cheibriados
Dithmenos
Fedhas
Gozag
Hepliaklqana
Kikubaaqudgha
Makhleb
Nemelex Xobeh
Okawaru
Qazlal
Ru
Sif Muna
Trog
Uskayaw
Vehumet
Wu Jian
Xom
Yredelemnul

Shops:
D:3 !   D:4 [   D:10 *

Annotations:
IceCv exclusion: ice statue


Innate Abilities, Weirdness & Mutations

You have a pair of small horns on your head.
You are surrounded by a mild repulsion field. (EV +2)
A weak demonic guardian rushes to your aid.
You are completely covered in sharp spines.


Message History

Really walk into that cloud of freezing vapour?
You are engulfed in freezing vapours.
You resist.
The ice beast hits you but does no damage.
The ice statue gestures at you.
The bolt of cold hits the ice beast.
The ice beast completely resists.
The bolt of cold hits you. You resist.
You see here 17 gold pieces.
You closely miss the ice beast.
You are engulfed in freezing vapours.
You resist. The ice beast is struck by your spines.
The ice beast hits you but does no damage.
The ice beast is struck by your spines. The ice beast completely misses you.
The ice statue glitters chillingly in the dim dungeon light.
You slash the ice beast!
You headbutt the ice beast, but do no damage.
The ice beast is severely wounded.
The ice beast barely misses you.
The ice beast hits you but does no damage.
The ice statue gestures at you.
The freezing blast engulfs the ice beast.
The ice beast completely resists.
The ice beast is struck by your spines. The ice beast hits you.
The ice beast freezes you. You resist. The ice beast is struck by your spines.
The ice beast hits you but does no damage.
You hit the ice beast.
You kill the ice beast!
The ice beast disappears in a puff of smoke!
You are engulfed in freezing vapours.
You resist.
The ice beast hits you but does no damage.
The ice beast hits you. The ice beast freezes you. You resist.
* * * LOW HITPOINT WARNING * * *
The ice beast is distracted by your dazzling golden aura.
The ice statue gestures at you. The shard of ice hits you!!
You partially resist.
* * * LOW HITPOINT WARNING * * *
A demonic guardian appears!
Okay, then.
You are confused.
You feel invigorated.
You are engulfed in freezing vapours.
You resist.
You die...
Your body crumbles into a pile of gold.

############# ##
##@°...#.....## ##.
##☼YY...#......###..
#4☼○....#.......#...
.Z8...§..............∩
...#......$#.......#...
...###......#.$....###..
$..# ##....$#.)...## ##.
## ############# ##


You could see an ice statue (ally target), 2 ice beasts, a dire elephant
simulacrum and a friendly rust devil (summoned).

Vanquished Creatures
  Harold (D:7)
  3 two-headed ogres
  The ghost of mandoloar the Basher, a novice GrFi of Okawaru (D:7)
  Pikel (D:4)
  2 manticores (D:9)
  2 ice statues (IceCv)
  A komodo dragon (D:10)
  A freezing wraith (IceCv)
  A troll (D:7)
  A hornet (D:10)
  A slime creature (D:9)
  A wraith (D:9)
  13 yaks
  A vampire mosquito (D:9)
  4 steam dragons
  2 death yak simulacra (IceCv)
  An acid dragon (D:10)
  2 water moccasins
  A black bear (D:5)
  4 orc warriors
  An ice beast (D:8)
  4 centaurs
  2 ogres (D:6)
  3 kobold brigands
  2 lemures (D:4)
  2 necrophages
  4 bullfrogs
  A cane toad simulacrum (IceCv)
  A gnoll sergeant (D:7)
  4 scorpions
  13 wights
  5 water moccasin zombies (Ossuary)
  2 killer bees (D:9)
  An elephant simulacrum (IceCv)
  2 howler monkeys
  5 hounds
  4 orc priests
  A gnoll bouda (D:8)
  3 iguanas
  6 orc wizards
  2 polar bear simulacra (IceCv)
  2 mummies (Ossuary)
  19 gnolls
  6 adders
  3 white imps
  A howler monkey simulacrum (D:9)
  2 adder zombies (Ossuary)
  3 worms (D:3)
  A dart slug (D:3)
  36 orcs
  7 ball pythons
  8 bats
  8 endoplasms
  3 giant cockroaches
  3 gnoll zombies (Ossuary)
  A hobgoblin (D:2)
  4 jackals (D:2)
  5 quokkas
  5 frilled lizards
  A goblin (D:4)
  2 hobgoblin zombies (Ossuary)
  12 kobolds
  4 kobold zombies (Ossuary)
  6 orc zombies (Ossuary)
  12 rats
  A plant (D:8)
267 creatures vanquished.

Vanquished Creatures (collateral kills)
  2 deep elf pyromancers (D:9)
  A hornet (D:8)
  An acid dragon (D:9)
  An orc warrior (D:9)
  A bullfrog (D:9)
  A gnoll sergeant (D:10)
  A gnoll (D:5)
8 creatures vanquished.

Vanquished Creatures (others)
  A quokka (D:5)
  18 plants
19 creatures vanquished.

Grand Total: 294 creatures vanquished

Notes
Turn   | Place    | Note
-------+----------+-------------------------------------------
     0 | D:1      | Newt the Demonspawn Gladiator began the quest for the Orb.
     0 | D:1      | Reached XP level 1. HP: 16/16 MP: 1/1
    40 | D:1      | Reached skill level 1 in Stealth
   146 | D:1      | Gained mutation: You are surrounded by a mild repulsion
                  | field. (EV +2) [demonic ancestry]
   146 | D:1      | Reached XP level 2. HP: 21/22 MP: 2/2
  1205 | D:2      | Reached XP level 3. HP: 26/28 MP: 3/3
  1238 | D:2      | Found a faded altar of an unknown god.
  1397 | D:2      | Prayed at the altar of an unknown god.
  1397 | D:2      | Became a worshipper of Sif Muna the Loreminder
  1397 | D:2      | Reached * piety under Sif Muna
  1557 | D:2      | Found a hide-covered altar of Uskayaw.
  1997 | D:3      | Gained mutation: You are partially covered in sharp spines.
                  | [demonic ancestry]
  1997 | D:3      | Reached XP level 4. HP: 37/37 MP: 4/4
  2230 | D:3      | Found Hilijir's Distillery.
  2233 | D:3      | Bought a potion of curing for 30 gold pieces
  2233 | D:3      | Bought a potion of might for 40 gold pieces
  2240 | D:3      | Reached ** piety under Sif Muna
  2484 | D:3      | Noticed a moth of wrath
  2487 | D:3      | Found a bloodstained altar of Trog.
  2621 | D:4      | Found Gapnip's Antique Armour Shop.
  2688 | D:4      | Reached skill level 1 in Long Blades
  2688 | D:4      | Gained mutation: A weak demonic guardian rushes to your
                  | aid. [demonic ancestry]
  2688 | D:4      | Reached XP level 5. HP: 42/42 MP: 5/5
  2906 | D:4      | Noticed a lemure
  2908 | D:4      | Noticed Pikel
  2912 | D:4      | Killed a lemure
  2912 | D:4      | Noticed a lemure
  2913 | D:4      | Noticed a lemure
  2913 | D:4      | Noticed a lemure
  2926 | D:4      | Killed a lemure
  2931 | D:4      | HP: 2/42 [something (4)]
  2960 | D:4      | Killed Pikel
  2961 | D:4      | Reached skill level 2 in Evocations
  2961 | D:4      | Gained mutation: You are mostly covered in sharp spines.
                  | [demonic ancestry]
  2961 | D:4      | Reached XP level 6. HP: 24/48 MP: 3/6
  2961 | D:4      | Reached XP level 7. HP: 27/54 MP: 3/7
  3413 | D:4      | Found a blossoming altar of Fedhas.
  3515 | D:4      | Found a broken altar of Ashenzari.
  3523 | D:4      | Found a burning altar of Makhleb.
  3636 | D:5      | Entered Level 5 of the Dungeon
  3656 | D:5      | Reached skill level 3 in Evocations
  3662 | D:5      | Found a sacrificial altar of Ru.
  3694 | D:5      | Reached skill level 4 in Evocations
  3711 | D:5      | Found a sand-covered staircase.
  3716 | Ossuary  | Entered an ossuary
  3751 | Ossuary  | Reached *** piety under Sif Muna
  3752 | Ossuary  | Reached skill level 5 in Evocations
  3752 | Ossuary  | Reached skill level 1 in Armour
  3752 | Ossuary  | Gained mutation: You have a pair of small horns on your
                  | head. [demonic ancestry]
  3752 | Ossuary  | Reached XP level 8. HP: 58/60 MP: 8/8
  3989 | D:5      | Identified the +6 flail of the Flying Gods {antimagic, rC+
                  | Dex+2}
  4452 | D:5      | Found a sparkling altar of Nemelex Xobeh.
  4827 | D:6      | Reached skill level 5 in Armour
  4855 | D:6      | Reached skill level 1 in Maces & Flails
  5303 | D:6      | Found an ancient bone altar of Kikubaaqudgha.
  5493 | D:7      | Reached XP level 9. HP: 62/65 MP: 3/9
  5499 | D:7      | Reached **** piety under Sif Muna
  5695 | D:7      | Found a runed translucent door.
  5706 | D:7      | Noticed a troll
  5706 | D:7      | Noticed mandoloar's ghost (novice GrFi)
  5800 | D:7      | Found a hide-covered altar of Uskayaw.
  5837 | D:7      | Reached skill level 5 in Maces & Flails
  6025 | D:7      | Reached skill level 1 in Invocations
  6170 | D:7      | Found a staircase to the Ecumenical Temple.
  6197 | Temple   | Entered the Ecumenical Temple
  6362 | D:7      | Killed a troll
  6371 | D:7      | Killed mandoloar's ghost
  6372 | D:7      | Reached skill level 5 in Invocations
  6372 | D:7      | Reached skill level 5 in Fighting
  6372 | D:7      | Identified the +0 chain mail of the Northern Lights {rF++}
  6845 | D:8      | Reached XP level 10. HP: 77/77 MP: 4/13
  6970 | D:8      | Noticed a two-headed ogre
  6979 | D:8      | Killed a two-headed ogre
  7169 | D:8      | Found a staircase to the Lair.
  7523 | D:9      | Noticed Harold
  7735 | D:7      | Killed Harold
  8024 | D:9      | Found an opulent altar of Gozag.
  8029 | D:9      | Noticed a two-headed ogre
  8037 | D:9      | Killed a two-headed ogre
  8043 | D:9      | Fell from the grace of Sif Muna
  8043 | D:9      | Became a worshipper of Gozag Ym Sagoz the Greedy
  8236 | D:9      | Found a shimmering blue altar of Sif Muna.
  8754 | D:9      | Reached skill level 6 in Evocations
  8798 | D:9      | Gained mutation: You are completely covered in sharp
                  | spines. [demonic ancestry]
  8798 | D:9      | Reached XP level 11. HP: 43/86 MP: 2/14
  8802 | D:9      | Reached skill level 7 in Evocations
  9206 | D:9      | Noticed a deep elf pyromancer
  9206 | D:9      | Noticed a deep elf pyromancer
  9230 | D:9      | Reached skill level 8 in Evocations
  9247 | D:9      | Killed a deep elf pyromancer
  9258 | D:9      | Killed a deep elf pyromancer
  9715 | D:9      | Reached skill level 9 in Evocations
  9857 | D:9      | Found a hazy altar of Hepliaklqana.
  9958 | D:9      | Found a radiant altar of Vehumet.
 10151 | D:10     | Entered Level 10 of the Dungeon
 10553 | D:10     | Found Farun's General Store.
 10616 | D:10     | Found a basalt altar of Yredelemnul.
 10657 | D:10     | Found an ornate altar of the Wu Jian Council.
 10774 | D:10     | Identified the +1 whip "Jabb" {spect, Dex+2}
 10777 | D:10     | Noticed a two-headed ogre
 10784 | D:10     | Killed a two-headed ogre
 11407 | Lair:1   | Entered Level 1 of the Lair of Beasts
 11491 | Lair:1   | Found a frozen archway.
 11499 | IceCv    | Entered an ice cave
 11617 | IceCv    | Reached skill level 5 in Long Blades
 11783 | IceCv    | Noticed a white ugly thing
 11785 | IceCv    | Engulfed by an ice statue's freezing vapour

Illustrated notes

Levels and vault maps discovered:
D:1:      sevenhm_arrival_forest_fort_large_4, layout_loops_ring, serial_rivers,
          chequers_serial_rivers_room_b, chequers_serial_rivers_micro_b,
          chequers_serial_rivers_room_a, chequers_serial_rivers_marsh,
          chequers_serial_rivers_micro_a, supply_closet_lemuel
D:2:      layout_basic, hellmonk_ecumenical_altar_pennies_from_heaven,
          basic_altar
D:3:      layout_loops_corners, tgw_trog, serial_shops,
          nicolae_shop_behind_doors, chequers_garden, lexackson_kobold_supper
D:4:      layout_loops_ring, kennysheep_mini, nicolae_elyvilon_temple_path,
          fedhas_altar_fruit_tree, makhleb_heckhound_becter, serial_shops,
          nicolae_shop_advertising_works [nicolae_subvault_shop_adworks],
          uniq_pikel
D:5:      layout_cave_pods, mainiacjoe_overflow_six_doors_small,
          lemuel_crystal_altar, nicolae_ossuary_entry_plus
D:6:      layout_basic, mainiacjoe_overflow_chevrons
D:7:      layout_loops_cross, mainiacjoe_overflow_surrounded_room,
          minmay_temple_entry_wispy, ebering_ghost_inner_flame,
          minmay_misc_feat_nine_boxes
D:8:      layout_loops_ring, dpeg_oklobed_lair
D:9:      minmay_the_grid_plus [minmay_the_grid_aliased_spiral,
          minmay_the_grid_paths, minmay_the_grid_zigzag_pyramid,
          minmay_the_grid_garden, minmay_the_grid_prize_big_room], layout_rooms,
          nicolae_gozag_seed_capital, worldfamousw_hep_ancestral_shrine,
          nicolae_vehumet_radiance, nicolae_sif_muna_little_library,
          serial_bayou_pond_d, uniq_harold
D:10:     layout_stronghold, old_standard_altar, general_overflow_altar,
          serial_shops, shop_statue, minmay_puff
Temple:   nicolae_temple_ecumenical_triangle
Lair:1:   wander_river, layout_cave_pods, portal_ice_cave_entry_pillars_2,
          lemuel_fruit_tree
IceCv:    ice_cave_statue_garden_chambered

Skill      XL: |  1  2  3  4  5  6  7  8  9 10 11 |
---------------+----------------------------------+-----
Stealth        | 1 2 |  2.0
Fighting       | 3 4 6 8 |  8.0
Long Blades    | 1 4 5 |  5.4
Dodging        | 4 |  4.0
Evocations     | 2 5 6 9 |  9.0
Armour         | 1 5 8 |  8.0
Maces & Flails | 4 5 8 |  8.9
Invocations    | 5 |  5.0
Short Blades   | |  2.6
Axes           | |  0.7
Throwing       | |  1.7

Action                     |  1- 3 |  4- 6 |  7- 9 | 10-12 || total
---------------------------+-------+-------+-------+-------++-------
  Melee: Rapier            |   143 |       |       |       ||   143
         Dagger            |     3 |     6 |       |       ||     9
         Hand axe          |       |    27 |       |       ||    27
         Triple sword      |       |    40 |    68 |       ||   108
         Flail             |       |       |   123 |   231 ||   354
         Headbutt          |       |       |    33 |    65 ||    98
         Punch             |       |       |     1 |     3 ||     4
         Great sword       |       |       |       |    37 ||    37
  Throw: Throwing net      |       |     1 |       |     3 ||     4
         Dart              |       |       |     2 |     4 ||     6
         Javelin           |       |       |       |     1 ||     1
  Evoke: Wand              |       |       |       |     2 ||     2
    Use: Scroll            |     6 |     2 |     7 |     9 ||    24
         Potion            |     1 |     1 |     3 |     4 ||     9
   Stab: Sleeping          |     3 |     1 |     2 |       ||     6
         Invisible         |       |       |     2 |       ||     2
         Held in net/web   |       |       |       |     1 ||     1
         Distracted        |       |       |       |     2 ||     2
 Armour: Leather armour    |    36 |       |       |       ||    36
         Ring mail         |    22 |    38 |    70 |       ||   130
         Chain mail        |       |       |    10 |   103 ||   113
         Plate armour      |       |       |       |    14 ||    14
  Dodge: Dodged            |   139 |    46 |   178 |   135 ||   498

Table legend: (Time is in decaauts)
 A = Elapsed time spent in this place.
 B = Non-inter-level travel time spent in this place.
 C = Inter-level travel time spent in this place.
 D = Time resting spent in this place.
 E = Time spent auto-exploring this place.
 F = Levels seen in this place.
 G = Mean time per level.
                   A        B        C        D        E       F      G
               +--------+--------+--------+--------+--------+-----+--------+
         Total |  11934 |  11584 |    350 |   1960 |   7580 |  14 |  852.4 |
       Dungeon |  11221 |  10876 |    345 |   1678 |   7408 |  10 | 1122.1 |
        Temple |     44 |     40 |      4 |      0 |     12 |   1 |   44.0 |
          Lair |     93 |     93 |      0 |      0 |     67 |   1 |   93.0 |
       Ossuary |    278 |    278 |      0 |    100 |     93 |   1 |  278.0 |
      Ice Cave |    296 |    296 |      0 |    182 |      0 |   1 |  296.0 |
               +--------+--------+--------+--------+--------+-----+--------+

Top non-repeatable levels by time:
     D:9: 2297 daAuts
     D:7: 1354 daAuts
     D:8: 1141 daAuts
    D:10: 1127 daAuts
     D:4: 1045 daAuts
     D:1: 998 daAuts
     D:3: 994 daAuts
     D:5: 943 daAuts
     D:6: 662 daAuts
     D:2: 655 daAuts
   IceCv: 296 daAuts
 Ossuary: 278 daAuts
  Lair:1: 93 daAuts
  Temple: 44 daAuts
